 Dungeon Crawl Stone Soup version 0.30-a0-218-gedb9141078 (webtiles) character file.

Game seed: 8099485105306265649

7830 LnG the Covert (level 11, 0/62 HPs)
             Began as a Kobold Summoner on Oct 5, 2022.
             Was a Believer of Dithmenos.
             Slain by a sixfirhy (12 damage)
             ... in a Gauntlet.
             The game lasted 00:42:27 (14334 turns).

LnG the Covert (Kobold Summoner)                   Turns: 14334, Time: 00:42:27

Health: 0/62       AC:  5    Str: 13    XL:     11   Next: 44%
Magic:  20/22      EV: 17    Int: 20    God:    Dithmenos [**....]
Gold:   153        SH:  0    Dex: 15    Spells: 12/25 levels left

rFire   + + .      SeeInvis .    M - +5 short sword (venom)
rCold   + + +      Faith    .    (no shield)
rNeg    . . .      Spirit   .    E - +0 robe of the Cockatrice {rC+}
rPois   .          Reflect  .    (no helmet)
rElec   .          Harm     .    q - scarf {rC+ rF+}
rCorr   .          Rampage  +    h - +0 pair of gloves
Will    .....      NoTele   +    x - +1 pair of boots {rampage}
Stlth   +++++++++.               (no amulet)
HPRegen 0.30/turn                w - +6 ring of strength
MPRegen 0.18/turn                l - ring of protection from cold

@: mighty, wreathed by umbra, studying Ranged Weapons
A: small, no large weapons, nightstalker 3, fire resistance 1
a: Renounce Religion, Shadow Step


You were in a Gauntlet.
You worshipped Dithmenos.
Dithmenos was pleased with you.
You visited 1 branch of the dungeon, and saw 11 of its levels.
You also visited: Gauntlet.

You collected 694 gold pieces.
You spent 541 gold pieces at shops.

Inventory:

Hand Weapons
 g - a +0 dagger
 J - a +0 shortbow
 M - a +5 short sword of venom (weapon)
Missiles
 L - a throwing net
Armour
 h - a +0 pair of gloves (worn)
 q - a scarf of resistance (worn)
 x - a +1 pair of boots of rampaging (worn)
 E - the +0 robe of the Cockatrice (worn) {rC+}
   (You bought it in a shop on level 2 of the Dungeon)

   rC:        It protects you from cold.
 G - a +0 cloak
Jewellery
 k - a +6 ring of dexterity
 l - a ring of protection from cold (right hand)
 w - a +6 ring of strength (left hand)
Wands
 d - a wand of polymorph (9)
 v - a wand of charming (8)
 A - a wand of roots (6)
 K - a wand of flame (31)
 O - a wand of light (6)
Scrolls
 e - a scroll of enchant weapon
 j - a scroll of noise
 m - a scroll of magic mapping
 t - a scroll of amnesia
 y - 2 scrolls of poison
 z - 5 scrolls of vulnerability
 C - 5 scrolls of teleportation {unknown}
 D - a scroll of immolation {unknown}
 I - a scroll of brand weapon
 N - a scroll of fear {unknown}
Potions
 a - 4 potions of cancellation
 b - a potion of magic
 i - 3 potions of mutation
 n - a potion of might
 o - a potion of resistance {unknown}
 p - 2 potions of attraction {unknown}
 r - a potion of ambrosia {unknown}
 s - a potion of lignification {unknown}
 u - a potion of berserk rage {unknown}
 B - a potion of flight {unknown}
 F - a potion of brilliance {unknown}
 H - a potion of curing


   Skills:
 + Level 4.4 Fighting
 + Level 7.2 Short Blades
 + Level 0.2 Ranged Weapons
 + Level 6.7 Dodging
 * Level 14.4 Stealth
 + Level 7.5 Spellcasting
 + Level 1.0 Hexes
 + Level 8.5 Summonings
 + Level 1.1 Air Magic


You had 12 spell levels left.
You knew the following spells:

 Your Spells              Type           Power      Damage    Failure   Level
a - Summon Small Mammal   Summ           100%       N/A       1%          1
b - Call Imp              Summ           41%        N/A       1%          2
c - Call Canine Familiar  Summ           41%        N/A       1%          3
d - Summon Guardian Gole  Hex/Summ       26%        N/A       3%          3
e - Summon Lightning Spi  Summ/Air       26%        N/A       12%         4

Your spell library contained the following spells:

 Spells                   Type           Power      Damage    Failure   Level
 Slow                     Hex            44%        N/A       6%          1
 Apportation              Tloc           14%        N/A       9%          1
 Necrotise                Necr           28%        1d5       9%          1
 Ensorcelled Hibernation  Hex/Ice        18%        N/A       11%         2
 Passwall                 Tmut/Erth      5%         N/A       14%         2
 Swiftness                Air            11%        N/A       17%         3
 Confusing Touch          Hex            11%        N/A       19%         3
 Vampiric Draining        Necr           7%         2d6       26%         3


Dungeon Overview and Level Annotations

Branches:
Dungeon (11/15)            Temple (0/1) D:7            Lair (0/5) D:8
    Orc (0/2) D:11        Gauntlet (1/1)

Altars:
Ashenzari
Cheibriados
Dithmenos
Elyvilon
Fedhas
Gozag
Nemelex Xobeh
Okawaru
Qazlal
Uskayaw
Vehumet
The Shining One

Shops:
D:2 [??=(

Annotations:
Gauntlet 12 transporters, 2 runed translucent doors


Innate Abilities, Weirdness & Mutations

You are small and have problems with some larger weapons.
You are completely attuned to the shadows.
Your flesh is heat resistant. (rF+)


Message History

The sixfirhy shocks you!
* * * LOW HITPOINT WARNING * * *
Something barely misses your hound.
Something hits your hound but does no damage.
The ufetubus barely misses you.
The ufetubus hits you but does no damage.
The sixfirhy completely misses you. The ufetubus misses you.
The ufetubus hits you.
* * * LOW HITPOINT WARNING * * *
Something hits your hound. Something closely misses your hound.
You feel much better.
The ufetubus hits you but does no damage.
The ufetubus closely misses you.
Casting: Call Canine Familiar (safe; 1% risk of failure)
Confirm with . or Enter, or press ? or * to list all spells.
Okay, then.
You barely miss the sixfirhy. The ufetubus closely misses you. x2
You miss the sixfirhy. Your hound misses the sixfirhy.
The ufetubus barely misses you. The ufetubus completely misses you.
The ufetubus barely misses you. The ufetubus hits you.
You puncture the sixfirhy!
The sixfirhy is poisoned.
The sixfirhy is heavily wounded.
The sixfirhy hits you!
* * * LOW HITPOINT WARNING * * *
The sixfirhy shocks you!
* * * LOW HITPOINT WARNING * * *
The sixfirhy closely misses you.
Your hound closely misses the sixfirhy.
The ufetubus hits you but does no damage.
The ufetubus misses you. x2; The ufetubus closely misses you.
You feel better. The sixfirhy completely misses you.
The sixfirhy hits you but does no damage.
The sixfirhy completely misses you. The ufetubus closely misses you.
The ufetubus barely misses you.
Your hound barely misses the sixfirhy.
The ufetubus misses you.
The ufetubus hits you but does no damage.
The sixfirhy closely misses you.
You feel better. The sixfirhy hits you!
* * * LOW HITPOINT WARNING * * *
The sixfirhy shocks you!
You die...

#.##.##..##.#.PP♣..≈≈#
#.#!.#.##.#.#...PP..≈#
#.#########.#.♣..P♣..####
#©#.......#.#.........≈≈#
###..P♣P..#.#########..≈#
#.....PPP.#.#.......#...##
#...#≈#≈#.#.#..####.#.∩.≈##
#.PP≈≈≈≈≈.#.#$#5h3#5#...≈≈##
..♣P#≈#≈#.#©#©#.@.#5#©.♣≈≈≈#
#...≈≈≈≈≈.#.#5#..5#.#...≈≈##
#...#≈#≈#.#.#.####5.#.∩.≈##
#.....PPP.#.#..35...#...##
###..P♣...#.#########..≈#
#©#.......#.#.........≈≈#
#.#########.#.♣...♣..####
#.#...... #.#.P.....≈# #.
#.#...♣..≈≈#


You could see a sixfirhy (very poisoned, ally target), 3 ufetubi and a friendly
hound (summoned).

Vanquished Creatures
  A cyclops (D:10)
  A gargoyle (D:10)
  A troll (D:11)
  Prince Ribbit (D:5)
  A hornet (D:9)
  A shadow (D:11)
  2 wyverns
  6 yaks (D:9)
  A vampire mosquito (D:10)
  A water moccasin (D:5)
  2 orc warriors
  2 wolves
  2 black bears
  A centaur (D:10)
  An ogre (D:4)
  3 kobold brigands
  A gnoll sergeant (D:6)
  A bullfrog (D:9)
  A necrophage (D:8)
  A scorpion (D:6)
  5 howler monkeys
  5 electric eels
  3 hounds
  4 orc priests
  A gnoll bouda (D:9)
  4 iguanas
  5 orc wizards
  A mummy (D:9)
  16 gnolls
  5 adders
  2 white imps
  2 worms
  2 dart slugs
  16 orcs
  2 bats (D:3)
  4 endoplasms
  4 giant cockroaches
  4 goblins
  6 hobgoblins
  19 kobolds
  2 quokkas
  9 ball pythons
  2 frilled lizards (D:2)
  3 rats
157 creatures vanquished.

Vanquished Creatures (collateral kills)
  A troll (D:8)
  Sigmund (D:2)
  5 yaks (D:9)
  An acid dragon (D:9)
  An orc warrior (D:7)
  A black bear (D:6)
  3 wolves (D:8)
  A phantom (D:5)
  A centaur (D:5)
  2 kobold brigands (D:8)
  A nameless horror (D:9)
  2 necrophages
  A gnoll sergeant (D:7)
  3 scorpions
  An electric eel (D:8)
  2 howler monkeys
  3 hounds
  A jelly (D:6)
  An iguana (D:7)
  An orc wizard (D:4)
  7 gnolls
  4 adders
  A shadow imp (D:8)
  An ufetubus (D:5)
  3 worms
  9 orcs
  2 bats (D:1)
  A goblin (D:1)
  4 hobgoblins
  12 kobolds
  A quokka (D:5)
  2 ball pythons
  3 rats
83 creatures vanquished.

Vanquished Creatures (others)
  A quokka (D:11)
  7 fungi (D:4)
  28 plants
36 creatures vanquished.

Grand Total: 276 creatures vanquished

Notes
Turn   | Place    | Note
-------+----------+-------------------------------------------
     0 | D:1      | LnG the Kobold Summoner began the quest for the Orb.
     0 | D:1      | Reached XP level 1. HP: 10/10 MP: 3/3
   351 | D:1      | Reached XP level 2. HP: 13/15 MP: 1/5
   429 | D:1      | Reached skill level 3 in Stealth
   599 | D:1      | Learned a level 2 spell: Call Imp
   897 | D:2      | Reached XP level 3. HP: 11/19 MP: 3/6
   901 | D:2      | Learned a level 3 spell: Call Canine Familiar
  1279 | D:2      | Found Zesiejent's Magic Scroll Shoppe.
  1284 | D:2      | Bought a scroll of blinking for 105 gold pieces
  1300 | D:2      | Found Xiduiniu's Magic Scroll Emporium.
  1304 | D:2      | Bought a scroll of identify for 20 gold pieces
  1304 | D:2      | Bought a scroll of identify for 20 gold pieces
  1354 | D:2      | Found Qiciucwe's Jewellery Shop.
  1388 | D:2      | Reached skill level 4 in Stealth
  1524 | D:2      | Found Egrulli's Antique Armour Boutique.
  1570 | D:2      | Noticed Sigmund
  1651 | D:3      | Reached XP level 4. HP: 24/24 MP: 4/7
  1782 | D:3      | Reached skill level 1 in Short Blades
  1913 | D:3      | Reached XP level 5. HP: 28/28 MP: 9/9
  1926 | D:3      | Reached skill level 5 in Stealth
  2414 | D:4      | Gained mutation: You are partially covered in iridescent
                  | scales. (AC +2) [potion of mutation]
  2424 | D:4      | Reached skill level 6 in Stealth
  2424 | D:4      | Reached XP level 6. HP: 33/33 MP: 10/10
  2428 | D:4      | Learned a level 3 spell: Summon Guardian Golem
  2535 | D:4      | You fall into a shaft and drop 3 floors!
  2631 | D:7      | Reached skill level 7 in Stealth
  2806 | D:7      | Reached XP level 7. HP: 26/37 MP: 7/11
  2899 | D:6      | Reached skill level 1 in Fighting
  2995 | D:6      | Reached skill level 8 in Stealth
  2995 | D:6      | Reached skill level 5 in Summonings
  3208 | D:5      | Entered Level 5 of the Dungeon
  3248 | D:5      | Noticed Prince Ribbit
  3331 | D:5      | Killed Prince Ribbit
  3332 | D:5      | Reached XP level 8. HP: 16/43 MP: 1/13
  3675 | D:4      | Found an opulent altar of Gozag.
  4175 | D:4      | Reached skill level 9 in Stealth
  4200 | D:4      | Found a hide-covered altar of Uskayaw.
  4501 | D:2      | Bought a distressingly furry robe for 171 gold pieces
  4501 | D:2      | Identified the +0 robe of the Cockatrice {rC+} (You bought
                  | it in a shop on level 2 of the Dungeon)
  4658 | D:2      | Found Gaoxann's Weapon Boutique.
  4833 | D:2      | Killed Sigmund
  5252 | D:5      | Found a blossoming altar of Fedhas.
  5262 | D:5      | Reached XP level 9. HP: 17/48 MP: 8/15
  5271 | D:5      | Reached skill level 5 in Short Blades
  5413 | D:5      | Found an iron altar of Okawaru.
  5548 | D:5      | Lost mutation: You are partially covered in iridescent
                  | scales. (AC +2) [potion of mutation]
  5548 | D:5      | Gained mutation: Your flesh is heat resistant. (rF+)
                  | [potion of mutation]
  5548 | D:5      | Gained mutation: You are partially covered in iridescent
                  | scales. (AC +2) [potion of mutation]
  5548 | D:5      | Lost mutation: You are partially covered in iridescent
                  | scales. (AC +2) [potion of mutation]
  5650 | D:5      | Found a sparkling altar of Nemelex Xobeh.
  5792 | D:5      | Found a white marble altar of Elyvilon.
  5792 | D:5      | Found a shadowy altar of Dithmenos.
  5792 | D:5      | Found a stormy altar of Qazlal.
  5949 | D:5      | Became a worshipper of Dithmenos the Shadowed
  6074 | D:5      | Reached skill level 10 in Stealth
  6074 | D:5      | Reached skill level 5 in Spellcasting
  6382 | D:6      | Learned a level 4 spell: Summon Lightning Spire
  6981 | D:6      | Found a radiant altar of Vehumet.
  7455 | D:7      | Found a staircase to the Ecumenical Temple.
  7546 | D:7      | Reached skill level 11 in Stealth
  8550 | D:7      | Reached * piety under Dithmenos
  8672 | D:8      | Reached XP level 10. HP: 31/56 MP: 16/18
  9047 | D:8      | Reached skill level 5 in Dodging
  9047 | D:8      | Reached skill level 1 in Hexes
  9239 | D:8      | Reached skill level 12 in Stealth
  9407 | D:8      | Found a glowing golden altar of the Shining One.
  9819 | D:8      | Found a staircase to the Lair.
 10049 | D:8      | Reached ** piety under Dithmenos
 10673 | D:2      | Bought a pair of runed boots for 225 gold pieces
 11502 | D:9      | Found a snail-covered altar of Cheibriados.
 11631 | D:9      | Found a broken altar of Ashenzari.
 11746 | D:9      | Reached skill level 13 in Stealth
 11746 | D:9      | Reached XP level 11. HP: 61/61 MP: 12/21
 12073 | D:10     | Entered Level 10 of the Dungeon
 12180 | D:10     | Reached skill level 1 in Air Magic
 12370 | D:10     | Noticed a cyclops
 12374 | D:10     | Killed a cyclops
 12375 | D:10     | Reached skill level 14 in Stealth
 13601 | D:11     | Found a white marble altar of Elyvilon.
 13814 | D:11     | Found a gate leading to a gauntlet.
 13820 | Gauntlet | Entered a Gauntlet
 13820 | Gauntlet | Found a transporter.
 13830 | Gauntlet | Noticed a sixfirhy
 13920 | Gauntlet | Found a transporter.
 13929 | Gauntlet | Found a runed translucent door.
 13936 | Gauntlet | Found a transporter.
 13943 | Gauntlet | Noticed a wizard
 13952 | Gauntlet | Found a transporter.
 13952 | Gauntlet | Noticed a wizard
 13965 | Gauntlet | Found a transporter.
 13969 | Gauntlet | Found a runed translucent door.
 13971 | Gauntlet | Noticed a cacodemon
 13973 | Gauntlet | Found a transporter.
 13982 | Gauntlet | Found a transporter.
 13983 | Gauntlet | Noticed a quicksilver ooze
 14012 | Gauntlet | Found a transporter.
 14039 | Gauntlet | Found a transporter.
 14070 | Gauntlet | Found a transporter.
 14104 | Gauntlet | Found a transporter.
 14113 | Gauntlet | Found a transporter.
 14123 | Gauntlet | Found a transporter.
 14328 | Gauntlet | HP: 2/62 [sixfirhy (11)]
 14334 | Gauntlet | Slain by a sixfirhy

Illustrated notes

Levels and vault maps discovered:
D:1:      minmay_arrival_nine_rooms, layout_rooms
D:2:      layout_loops_ring, serial_shops, shop, shop_statue,
          nicolae_shop_hallway_plus, shop, nicolae_shop_behind_doors,
          ebering_dispersal_statue_hall, patterned_corridor, uniq_sigmund
D:3:      layout_basic
D:4:      layout_cave_pools, mainiacjoe_overflow_alcove_2, old_standard_altar,
          dreamdust_gnoll_farm
D:5:      layout_rooms, fedhas_bush_and_centaur_altar,
          nemelex_spade_bored_becter, gammafunk_temple_overflow_claw,
          okawaru_trees_2, minmay_misc_feat_columns, minmay_manual_macuahuitl,
          uniq_prince_ribbit1
D:6:      layout_loops_corners, nicolae_vehumet_altar_sigil
D:7:      layout_basic, temple_green, serial_bayou_pond_e,
          minmay_large_rounded_square
D:8:      layout_basic, amcnicky_altar_gilded, erik_lair_island
D:9:      layout_roguey, chei_slow_surprise, cheibrodos_ashenzari_chains
D:10:     layout_basic, serial_bayou, serial_bayou_pond_d, serial_bayou_ford_a,
          serial_bayou_lake_a, serial_bayou_pond_c, kennysheep_cross_room
D:11:     layout_irregular_city, erik_orc_2, gauntlet_entry_generic,
          minmay_crystal_room, elyvilon_altar_4
Gauntlet: minmay_gauntlet_77_tree [minmay_gauntlet_arena_77_box,
          minmay_gauntlet_arena_77_tiled_triplets,
          minmay_gauntlet_arena_77_shame_cube, minmay_gauntlet_arena_77_mess,
          minmay_gauntlet_arena_77_path,
          minmay_gauntlet_arena_77_radiant_squares,
          minmay_gauntlet_arena_77_chump_sandwich, gauntlet_exit_watery]

Skill      XL: |  1  2  3  4  5  6  7  8  9 10 11 |
---------------+----------------------------------+-----
Stealth        | 3 4 6 7 8 9 11 13 14 | 14.4
Short Blades   | 1 2 4 5 6 7 |  7.2
Spellcasting   | 3 4 5 7 |  7.5
Fighting       | 1 2 3 4 |  4.4
Dodging        | 3 4 6 |  6.7
Summonings     | 5 7 8 |  8.5
Hexes          | 1 |  1.0
Air Magic      | 1 |  1.1
Ranged Weapons | |  0.2

Action                   |  1- 3 |  4- 6 |  7- 9 | 10-12 || total
-------------------------+-------+-------+-------+-------++-------
Melee: Unarmed           |     1 |       |       |       ||     1
       Dagger            |    72 |    87 |   320 |       ||   479
       Punch             |       |     1 |     7 |     3 ||    11
       Short sword       |       |       |   104 |   221 ||   325
 Fire: Shortbow          |       |       |     1 |       ||     1
 Cast: Summon Small Mamm |    11 |       |    12 |     4 ||    27
       Call Imp          |     4 |     4 |    19 |    11 ||    38
       Call Canine Famil |     3 |     6 |    38 |    18 ||    65
       Summon Guardian G |       |       |     6 |     1 ||     7
       Summon Lightning  |       |       |       |     5 ||     5
Evoke: Wand              |       |       |     1 |       ||     1
  Use: Scroll            |     3 |     3 |     1 |    10 ||    17
       Potion            |       |     1 |     2 |     7 ||    10
 Stab: Sleeping          |    15 |    13 |    26 |    25 ||    79
       Distracted        |     1 |       |     5 |     8 ||    14
Armor: Robe              |    14 |    18 |    75 |    21 ||   128
Dodge: Dodged            |    49 |    54 |   258 |   177 ||   538

Table legend: (Time is in decaauts)
 A = Elapsed time spent in this place.
 B = Non-inter-level travel time spent in this place.
 C = Inter-level travel time spent in this place.
 D = Time resting spent in this place.
 E = Time spent auto-exploring this place.
 F = Levels seen in this place.
 G = Mean time per level.
                   A        B        C        D        E       F      G
               +--------+--------+--------+--------+--------+-----+--------+
         Total |  14254 |  13085 |   1169 |   2755 |   6855 |  12 | 1187.8 |
       Dungeon |  13742 |  12573 |   1169 |   2675 |   6515 |  11 | 1249.3 |
      Gauntlet |    512 |    512 |      0 |     80 |    340 |   1 |  512.0 |
               +--------+--------+--------+--------+--------+-----+--------+

Top non-repeatable levels by time:
     D:7: 1854 daAuts
     D:8: 1698 daAuts
    D:10: 1688 daAuts
     D:6: 1520 daAuts
     D:5: 1435 daAuts
     D:2: 1357 daAuts
     D:9: 1146 daAuts
     D:4: 1137 daAuts
     D:3: 953 daAuts
     D:1: 852 daAuts
Gauntlet: 512 daAuts
    D:11: 99 daAuts
